 Dungeon Crawl Stone Soup version 0.28-a0-1555-g9ae15a6949 (webtiles) character file.

Game seed: 4021579748237332341

70 psuckher the Sneak (level 4, -2/37 HPs)
             Began as a Barachi Delver on Jan 18, 2022.
             Was an Initiate of Gozag.
             Slain by a sickly merfolk siren (9 damage)
             ... in a sewer.
             The game lasted 00:04:03 (616 turns).

psuckher the Sneak (Barachi Delver)                  Turns: 616, Time: 00:04:04

Health: -2/37      AC:  3    Str: 15    XL:     4   Next: 21%
Magic:  4/4        EV: 12    Int: 11    God:    Gozag
Gold:   143        SH:  0    Dex: 13    Spells: 3/3 levels left

rFire   . . .      SeeInvis .   a - +0 short sword
rCold   . . .      Faith    .   (no shield)
rNeg    . . .      Spirit   .   b - +0 leather armour
rPois   .          Reflect  .   (no helmet)
rElec   .          Harm     .   (no cloak)
rCorr   .          Rampage  .   (no gloves)
Will    .....                   (no boots)
Stlth   +++.......              (no amulet)
HPRegen 0.12/turn               (no ring)
MPRegen 0.09/turn               (no ring)

@: mesmerised, slow
A: amphibious, slowness 1, strong legs 1, +LOS
a: Hop, Renounce Religion, Potion Petition, Call Merchant, Bribe Branch


You were in a sewer.
You worshipped Gozag.
Gozag was aware of your devotion.
You visited 2 branches of the dungeon, and saw 2 of its levels.
You also visited: Sewer.

You collected 162 gold pieces.
You paid 19 gold pieces to Gozag.

Inventory:

Hand Weapons
 a - a +0 short sword (weapon)
Armour
 b - a +0 leather armour (worn)
Wands
 g - a wand of digging (3)
Scrolls
 c - a scroll of fog
 d - 2 scrolls of magic mapping
 e - a scroll of fear
 h - 2 scrolls of teleportation {unknown}
Potions
 f - a potion of haste


   Skills:
 + Level 4.1 Fighting
 + Level 2.4 Short Blades
 + Level 0.2 Armour
 + Level 2.2 Dodging
 + Level 5.6 Stealth


You had 3 spell levels left.
You didn't know any spells.
Your spell library was empty.

Dungeon Overview and Level Annotations

Branches:
Dungeon (5/15)             Temple (1/1) D:5           Sewer (1/1)

Altars:
Ashenzari
Cheibriados
Elyvilon
Fedhas
Gozag
Hepliaklqana
Kikubaaqudgha
Makhleb
Nemelex Xobeh
Okawaru
Ru
Uskayaw
Vehumet
Xom
Yredelemnul
Zin


Innate Abilities, Weirdness & Mutations

You are amphibious.
You cover ground slowly.
You can hop short distances.
You have an extended range of vision and can be seen from far away.


Message History

The sickly merfolk siren begs, "Please!
I have a lot of children!"
You see here 5 gold pieces.
You see here 7 gold pieces.
You see here 5 gold pieces.
Cornered, the sickly merfolk siren turns to fight!
You see here 7 gold pieces.
You see here 7 gold pieces.
Found 19 gold pieces.
Found 16 gold pieces.
The sickly merfolk siren chants a haunting song.
You are mesmerised by the sickly merfolk siren!
You cannot move away from the sickly merfolk siren!
You cannot move away from the sickly merfolk siren!
The sickly merfolk siren chants its luring song.
The sickly merfolk siren chants its luring song.
The sickly merfolk siren chants its luring song.
The sickly merfolk siren chants its luring song.
The sickly merfolk siren chants its luring song.
You cannot move away from the sickly merfolk siren!
The sickly merfolk siren chants its luring song. x2
You cannot move away from the sickly merfolk siren!
The sickly merfolk siren chants its luring song.
You cannot move away from the sickly merfolk siren!
The sickly merfolk siren chants its luring song.
The sickly merfolk siren chants its luring song.
The sickly merfolk siren chants its luring song.
The sickly merfolk siren chants its luring song. x2
The sickly merfolk siren chants its luring song.
The sickly merfolk siren chants its luring song.
The sickly merfolk siren chants its luring song.
The sickly merfolk siren chants its luring song.
The sickly merfolk siren chants its luring song. x2
The sickly merfolk siren closely misses you.
The sickly merfolk siren chants its luring song.
The sickly merfolk siren chants its luring song.
The sickly merfolk siren chants its luring song.
The sickly merfolk siren chants its luring song. x2
The sickly merfolk siren hits you from afar with a +0 spear!
You die...
Your body crumbles into a pile of gold.

##### ###...≈##
##...≈≈≈≈#
#######@..≈≈≈#
#.......≈≈≈≈≈#
#.##$$m≈≈≈≈≈≈#
#.#≈$≈###≈####
##########≈≈≈###
≈..
≈≈≈≈≈≈≈≈≈≈≈≈≈#
.$$$#
≈≈≈≈##########
##### #######
≈≈≈≈∩∩#


You could see a sickly merfolk siren (mesmerising).

Vanquished Creatures
  4 adders (D:5)
  2 river rats (D:5)
  2 quokkas (Sewer)
  A ball python (Sewer)
  2 frilled lizards (Sewer)
  15 rats
26 creatures vanquished.

Notes
Turn   | Place    | Note
-------+----------+-------------------------------------------
     0 | D:5      | psuckher the Barachi Delver began the quest for the Orb.
     0 | D:5      | Reached XP level 1. HP: 18/18 MP: 1/1
     8 | D:5      | Found a staircase to the Ecumenical Temple.
    98 | Temple   | Entered the Ecumenical Temple
   183 | Temple   | Became a worshipper of Gozag Ym Sagoz the Greedy
   272 | D:5      | Noticed a water moccasin
   293 | D:5      | Reached XP level 2. HP: 25/25 MP: 2/2
   303 | D:5      | Reached skill level 5 in Stealth
   303 | D:5      | Found a glowing drain.
   311 | D:5      | Reached XP level 3. HP: 30/30 MP: 3/3
   389 | Sewer    | Entered a sewer
   403 | Sewer    | Reached XP level 4. HP: 25/37 MP: 4/4
   616 | Sewer    | Slain by a sickly merfolk siren

Illustrated notes

Levels and vault maps discovered:
D:5:      layout_cave_pools, minmay_temple_entry_drinking_statues,
          lightli_sewer_entry_pipes, patterned_corridor
Temple:   minmay_temple_bridge_d
Sewer:    sewer_sea

Skill      XL: |  1  2  3 |
---------------+----------+-----
Stealth        | 5 |  5.6
Fighting       | 4 |  4.1
Short Blades   | |  2.4
Armour         | |  0.2
Dodging        | |  2.2

Action                   |  1- 3 |  4- 6 || total
-------------------------+-------+-------++-------
Melee: Short sword       |    40 |    61 ||   101
       Punch             |       |     3 ||     3
  Use: Potion            |     2 |       ||     2
       Scroll            |       |     1 ||     1
 Stab: Sleeping          |     6 |     3 ||     9
Armor: Leather armour    |     7 |    14 ||    21
Dodge: Dodged            |    22 |    44 ||    66

Table legend: (Time is in decaauts)
 A = Elapsed time spent in this place.
 B = Non-inter-level travel time spent in this place.
 C = Inter-level travel time spent in this place.
 D = Time resting spent in this place.
 E = Time spent auto-exploring this place.
 F = Levels seen in this place.
 G = Mean time per level.
                   A        B        C        D        E       F      G
               +--------+--------+--------+--------+--------+-----+--------+
         Total |    709 |    382 |    327 |      0 |      0 |   3 |  236.3 |
       Dungeon |    262 |    110 |    152 |      0 |      0 |   1 |  262.0 |
        Temple |    192 |     17 |    175 |      0 |      0 |   1 |  192.0 |
         Sewer |    254 |    254 |      0 |      0 |      0 |   1 |  254.0 |
               +--------+--------+--------+--------+--------+-----+--------+

Top non-repeatable levels by time:
     D:5: 262 daAuts
   Sewer: 254 daAuts
  Temple: 192 daAuts
